Cogmind - Beta 13 @@@ ROGUE MODE // 2024.04.08 @ 23:39:39 Player: graour Result: Self-destructed Performance ------------- Evolutions (3) 1500 Regions Visited (6) 1200 Robots Destroyed (28) 140 Value Destroyed (718) 718 Prototype IDs (9) 180 Alien Tech Used (0) 0 Bonus (0) 0 TOTAL SCORE: 3738 Bonus ------- None Cogmind --------- Core Integrity 153/700 Matter 158/300 Energy 1/100 System Corruption 4% Temperature Cool (12) Movement Treading (160) Location -7/Lower Caves Parts ------- > --- POWER (2) -------- (None) > --- PROPULSION (4) --- Medium Treads > --- UTILITY (5) ------ ECM Suite Advanced ECM Suite Improved Shield Generator Hacking Suite Hacking Suite > --- WEAPON (2) ------- (None) > --- INVENTORY (5) ---- (None) Peak State ------------ > --- POWER ------------ Light Nuclear Core Light Nuclear Core > --- PROPULSION ------- Gravmag System Gravmag System Gravmag System Cooled Airjet > --- UTILITY ---------- ECM Suite Hacking Suite Hacking Suite System Shield System Shield > --- WEAPON ----------- Shotgun Improved Datajack > --- INVENTORY -------- Cesium-ion Thruster Advanced ECM Suite Improved Grenade Launcher Improved Datajack [Rating: 42] Favorites ----------- Power Ion Engine Engine Ion Engine Power Core Light Nuclear Core Propulsion Aluminum Leg Treads Medium Treads Leg Aluminum Leg Hover Unit Gravmag System Flight Unit Flight Unit Utility Hacking Suite Device ECM Suite Storage Small Storage Unit Processor Signal Interpreter Hackware Hacking Suite Weapon EM Pulse Gun Energy Gun EM Pulse Gun Ballistic Gun Light Assault Rifle Ballistic Cannon Light Cannon Launcher Improved Grenade Launcher Special Melee Weapon Improved Datajack Build | -11 -10 -10 -9 -8 -7 -7 ------- Run | Yrd Mat Min Mat Mat Fac Low Slots Evolved 6 | . . . 2 2 2 . Power 1 | . . . . 1 . . Propulsion 2 | . . . 1 1 . . Utility 3 | . . . 1 . 2 . Weapon . | . . . . . . . Parts Attached 78 | 6 14 1 17 8 18 14 Power 14 | 1 2 . 3 3 3 2 Engine 8 | 1 2 . 3 2 . . Core 6 | . . . . 1 3 2 Reactor . | . . . . . . . Propulsion 27 | 2 5 . 5 3 6 6 Treads 1 | . . . . . . 1 Leg 8 | 2 5 . 1 . . . Wheel . | . . . . . . . Hover 6 | . . . . . 4 2 Flight 12 | . . . 4 3 2 3 Utility 20 | 1 2 1 6 1 5 4 Device 12 | . 2 . 5 . 2 3 Storage 3 | 1 . . 1 . . 1 Processor 1 | . . 1 . . . . Hackware 4 | . . . . 1 3 . Protection . | . . . . . . . Artifact . | . . . . . . . Weapon 17 | 2 5 . 3 1 4 2 Energy Gun 9 | 2 5 . 1 1 . . Energy Cannon . | . . . . . . . Ballistic Gun 2 | . . . 1 . 1 . Ballistic Cannon 1 | . . . 1 . . . Launcher 2 | . . . . . 1 1 Special Weapon . | . . . . . . . Impact Weapon . | . . . . . . . Slashing Weapon . | . . . . . . . Piercing Weapon . | . . . . . . . Special Melee Weapon 3 | . . . . . 2 1 Unidentified Prototypes 3 | . . . . 1 2 . Parts Lost 26 | . 1 . . 9 1 15 Power 8 | . 1 . . 3 . 4 Propulsion 8 | . . . . 3 1 4 Utility 4 | . . . . 1 . 3 Weapon 6 | . . . . 2 . 4 Highest Loss Streak 9 | . 1 . . 9 1 8 To Critical Strikes . | . . . . . . . Average Slot Usage (%) 85 | . 93 100 89 90 71 70 Engine 8 | . 13 14 11 8 . . Core 3 | . . . . 5 5 10 Leg 13 | . 28 28 13 . . . Hover 1 | . . . . . 10 3 Flight 8 | . . . 11 31 5 8 Device 11 | . 8 7 21 18 7 10 Storage 7 | . 14 14 9 . . 2 Hackware 8 | . . . . 8 29 20 Energy Gun 14 | . 27 28 15 8 . . Ballistic Gun 2 | . . . 3 8 3 4 Special Melee Weapon 1 | . . . . . 4 6 Naked Turns . | . . . . . . . Heaviest Build 23 | 14 14 14 23 18 16 18 Greatest Support 28 | 20 20 20 20 18 27 28 Greatest Overweight (x) 5 | 2 . . 5 1 1 5 Average Overweight (x) . | . . . . . . . Largest Inventory Capacity 10 | 8 8 8 10 5 5 5 Average Capacity 6 | 7 8 8 8 5 5 5 Most Carried 10 | 4 8 8 10 5 5 5 Average Carried 5 | 1 7 8 8 4 3 3 Final Capacity 8 | 8 8 8 5 5 5 5 Final Carried 8 | 4 8 8 5 4 5 . Class Distribution -------------------- 32% | Scavenger-Mutant 28% | Hacker-Mutant 23% | Mutant 7% | Sprinter 4% | Infiltrator-Mutant Dominant Class ---------------- Mutant | -10/Materials Scavenger-Mutant | -10/Mines Scavenger-Mutant | -9/Materials Sprinter | -8/Materials Hacker-Mutant | -7/Factory Hacker-Mutant | -7/Lower Caves Resources | -11 -10 -10 -9 -8 -7 -7 ----------- Run | Yrd Mat Min Mat Mat Fac Low Matter Collected 762 | 218 165 12 40 88 . 239 Remotely 60 | . 60 . . . . . Salvage Created 1109 | . 743 . 103 88 23 152 Parts 70 | . 44 . 10 4 2 10 Haulers Intercepted 1 | . 1 . . . . . Recyclers Shooed 3 | . 3 . . . . . Parts Field Recycled . | . . . . . . . Retrieved Matter . | . . . . . . . Parts Self-Destructed 8 | . . . . . . 8 Prevented . | . . . . . . . Kills | -11 -10 -10 -9 -8 -7 -7 ------- Run | Yrd Mat Min Mat Mat Fac Low Combat Hostiles Destroyed 21 | . 13 . 3 . . 5 Guns 16 | . 13 . 3 . . . AOE 5 | . . . . . . 5 Classes Destroyed 5 | . 5 . . . . . Hauler 1 | . 1 . . . . . Recycler 4 | . 2 . 1 1 . . Watcher 2 | . 1 . . . 1 . Swarmer 8 | . 3 . 3 . . 2 Grunt 13 | . 10 . . . . 3 Best Kill Streak 5 | . 5 . 4 1 1 3 Combat Bots Only 4 | . 4 . 3 . . 3 Max Kills in Single Turn 2 | . 1 . 1 1 1 2 Gunslinging . | . . . . . . . Exploded 2 | . . . . . . 2 Melee . | . . . . . . . Uniques/NPCs Destroyed . | . . . . . . . Combat | -11 -10 -10 -9 -8 -7 -7 -------- Run | Yrd Mat Min Mat Mat Fac Low Hostile Shots Fired 298 | . 45 . 14 100 38 101 Missed 109 | . 9 . 2 40 19 39 Damage Taken 2480 | . 428 . 97 723 221 1011 Core 948 | . 110 . 8 283 34 513 Absorbed by Shields . | . . . . . . . Regen/Repaired (Parts) 51 | . 51 . . . . . Core Remaining (%) 75 | 100 . 56 98 48 . . Volleys Fired 87 | . 66 . 10 1 4 6 Largest 2 | . 2 . 2 2 1 1 Hottest 96 | . 90 . 96 83 23 36 Shots Fired 164 | . 132 . 20 2 5 5 Gun 160 | . 132 . 20 2 4 2 Cannon . | . . . . . . . Launcher 4 | . . . . . 1 3 Special . | . . . . . . . Kinetic 9 | . . . 2 1 4 2 Thermal 77 | . 66 . 10 1 . . Explosive 4 | . . . . . 1 3 Electromagnetic 74 | . 66 . 8 . . . Robot Hit Streak 11 | . 11 . 4 2 5 1 Robot Miss Streak 4 | . 4 . 2 . 1 3 Penetration Max . | . . . . . . . Secondary Targets 1 | . . . 1 . . . Max Gunslinging Chain 1 | . . . 1 . . . Shots Hit Robots 111 | . 85 . 11 2 11 2 Core Hits 52 | . 32 . 5 3 3 9 Critical Kills . | . . . . . . . Critical Parts Destroyed . | . . . . . . . Critical Strikes 2 | . 2 . . . . . Burn 1 | . 1 . . . . . Corrupt 1 | . 1 . . . . . Melee Attacks 12 | . . . . . 7 5 Impact . | . . . . . . . Slashing . | . . . . . . . Piercing . | . . . . . . . Sneak Attacks 7 | . . . . . 7 . Combat Hostiles . | . . . . . . . Follow-up Attacks . | . . . . . . . Damage Inflicted 1654 | . 1065 . 137 37 54 361 Guns 1263 | . 1036 . 137 25 54 11 Cannons . | . . . . . . . Explosions 346 | . 21 . . . . 325 Melee . | . . . . . . . Ramming 45 | . 8 . . 12 . 25 Kinetic 79 | . . . 6 8 54 11 Thermal 552 | . 464 . 71 17 . . Explosive 325 | . . . . . . 325 Electromagnetic 653 | . 593 . 60 . . . Impact . | . . . . . . . Slashing . | . . . . . . . Piercing . | . . . . . . . Highest Corruption 4 | . . . . . 4 4 Average Corruption 3 | . . . . . 2 4 Corruption Purged . | . . . . . . . Corruption Blocked . | . . . . . . . Effects 19 | . . . . . 6 13 Message Errors 4 | . . . . . . 4 Matter Fused 5 | . . . . . 1 4 Heat Flow Errors 1 | . . . . . . 1 Energy Discharges 3 | . . . . . 2 1 Parts Rejected 1 | . . . . . 1 . Data Loss (minor) 2 | . . . . . 1 1 Misfires 1 | . . . . . 1 . Alerts 1 | . . . . . . 1 Weapon Failures 1 | . . . . . . 1 Overload Shots . | . . . . . . . Overflow Damage 11 | . . . . . 11 . Projectiles . | . . . . . . . Explosions 11 | . . . . . 11 . Melee . | . . . . . . . Knockbacks 1 | . 1 . . . . . Impact 1 | . 1 . . . . . Kinetic . | . . . . . . . Secondary . | . . . . . . . Self-Inflicted Damage 54 | . . . . 4 39 11 Shots 1 | . . . . . 1 . Rammed 15 | . . . . 7 . 8 Targets Rammed 18 | . 3 . . 7 . 8 Kicked 3 | . 3 . . . . . Crushed . | . . . . . . . Highest Temperature 283 | . 210 . 216 64 283 233 Average Temperature 63 | . 61 . 96 17 130 110 Received Heat Transfer 504 | . 210 . . 198 42 54 Siege Activations . | . . . . . . . Robots Corrupted . | . . . . . . . Combat Hostiles . | . . . . . . . Parts Fried . | . . . . . . . Impact Corruptions . | . . . . . . . Robots Melted . | . . . . . . . Combat Hostiles . | . . . . . . . Parts Melted . | . . . . . . . Heat Transferred 1453 | . 1231 . 185 37 . . Parts Sabotaged . | . . . . . . . Parts Stolen . | . . . . . . . Parts Stripped . | . . . . . . . Power Chain Reactions 1 | . 1 . . . . . Alert | -11 -10 -10 -9 -8 -7 -7 ------- Run | Yrd Mat Min Mat Mat Fac Low Peak Influence 313 | . 313 31 132 80 105 . Initial 40 | . . 31 11 14 40 . Average 75 | . 120 31 37 48 59 . Maximum Alert Level 1 | . 1 . . . . . Low Security (%) 93 | 100 85 100 100 100 100 . Level 1 6 | . 14 . . . . . Level 2 . | . . . . . . . Level 3 . | . . . . . . . Level 4 . | . . . . . . . Level 5 . | . . . . . . . High Security . | . . . . . . . Max Security . | . . . . . . . Squads Dispatched 7 | . 2 . . 5 . . Investigation 4 | . 2 . . 2 . . Extermination . | . . . . . . . Reinforcement 3 | . . . . 3 . . Assault . | . . . . . . . Garrison . | . . . . . . . Intercept . | . . . . . . . Searches Triggered . | . . . . . . . Construction Impeded . | . . . . . . . Haulers Reinforced . | . . . . . . . Active Scanning Responses . | . . . . . . . Cargo Convoy Interrupts . | . . . . . . . Stealth | -11 -10 -10 -9 -8 -7 -7 --------- Run | Yrd Mat Min Mat Mat Fac Low Distress Signals 11 | . 3 . 3 5 . . Communications Jammed . | . . . . . . . Distress Signals . | . . . . . . . Times Spotted 102 | . 26 . 11 44 6 15 Peak Tracking Total 18 | . 4 . 5 18 3 3 Tactical Retreats 20 | . 2 . 4 7 2 5 Traps | -11 -10 -10 -9 -8 -7 -7 ------- Run | Yrd Mat Min Mat Mat Fac Low Traps Triggered 6 | . 3 . . 2 1 . Indirectly . | . . . . . . . Trap Hack Attempts . | . . . . . . . Triggered . | . . . . . . . Disarmed . | . . . . . . . Reprogrammed . | . . . . . . . Reused . | . . . . . . . Traps Extracted . | . . . . . . . Installed . | . . . . . . . Triggered . | . . . . . . . Machines | -11 -10 -10 -9 -8 -7 -7 ---------- Run | Yrd Mat Min Mat Mat Fac Low Machines Disabled 4 | . 3 . . . 1 . Max in Single Turn 3 | . 3 . . . 1 . Machines Repaired . | . . . . . . . Machines Dismantled . | . . . . . . . Machines Sabotaged . | . . . . . . . Overloaded Fab Kills . | . . . . . . . Hacking | -11 -10 -10 -9 -8 -7 -7 --------- Run | Yrd Mat Min Mat Mat Fac Low Machines Accessed 10 | . 5 . 3 1 1 . Terminals 8 | . 4 . 3 . 1 . Fabricators . | . . . . . . . Repair Stations 1 | . 1 . . . . . Recycling Units . | . . . . . . . Scanalyzers 1 | . . . . 1 . . Garrison Access . | . . . . . . . Total Hacks 30 | . 17 . 6 2 5 . Successful 11 | . 6 . 1 2 2 . Failed 19 | . 11 . 5 . 3 . Catastrophic 3 | . . . 3 . . . Database Lockouts . | . . . . . . . Manual 9 | . 6 . 3 . . . Terminals 26 | . 15 . 6 . 5 . Fabricators . | . . . . . . . Repair Stations 2 | . 2 . . . . . Recycling Units . | . . . . . . . Scanalyzers 2 | . . . . 2 . . Garrison Access . | . . . . . . . Terminal Hacks 7 | . 4 . 1 . 2 . Prototype ID Bank 3 | . 2 . . . 1 . Unreport Threat 1 | . 1 . . . . . Locate Traps 1 | . . . 1 . . . Hauler Manifests 2 | . 1 . . . 1 . Fabricator Hacks . | . . . . . . . Repair Station Hacks 2 | . 2 . . . . . Scan Component 1 | . 1 . . . . . Repair 1 | . 1 . . . . . Recycling Unit Hacks . | . . . . . . . Scanalyzer 2 | . . . . 2 . . Insert Component 1 | . . . . 1 . . Analyze 1 | . . . . 1 . . Garrison Access Hacks . | . . . . . . . Unauthorized Hacks . | . . . . . . . Terminals . | . . . . . . . Fabricators . | . . . . . . . Repair Stations . | . . . . . . . Recycling Units . | . . . . . . . Scanalyzers . | . . . . . . . Garrison Access . | . . . . . . . Data Cores Recovered . | . . . . . . . Used . | . . . . . . . Hacking Detections 9 | . 4 . 3 1 1 . Full Trace Events . | . . . . . . . Feedback Events . | . . . . . . . Feedback Blocked . | . . . . . . . Robot Schematics Acquired . | . . . . . . . Robots Built . | . . . . . . . Authchips . | . . . . . . . Time . | . . . . . . . Total Robot Build Rating . | . . . . . . . Part Schematics Acquired 1 | . . . . 1 . . Parts Built . | . . . . . . . Authchips . | . . . . . . . Time . | . . . . . . . Total Part Build Rating . | . . . . . . . Parts Repaired 1 | . 1 . . . . . Time 26 | . 26 . . . . . Parts Recycled . | . . . . . . . Recycled Matter . | . . . . . . . Retrieved Matter . | . . . . . . . Retrieved Components . | . . . . . . . Parts Scanalyzed 1 | . . . . 1 . . Part Schematics Acquired 1 | . . . . 1 . . Parts Damaged . | . . . . . . . Bothacking | -11 -10 -10 -9 -8 -7 -7 ------------ Run | Yrd Mat Min Mat Mat Fac Low Used RIF Installer . | . . . . . . . Robots Hacked 3 | . . . . . 3 . Non-combat 3 | . . . . . 3 . Combat . | . . . . . . . Robot Hacks Applied 7 | . . . . . 7 . no_distress 5 | . . . . . 5 . find_chute 1 | . . . . . 1 . find_fabricator 1 | . . . . . 1 . Relay Couplers Released . | . . . . . . . Fabnet Peak Effective % . | . . . . . . . Robots Rewired . | . . . . . . . Allies Hacked . | . . . . . . . Hacks Repelled . | . . . . . . . Allies | -11 -10 -10 -9 -8 -7 -7 -------- Run | Yrd Mat Min Mat Mat Fac Low Total Allies . | . . . . . . . Largest Group . | . . . . . . . Highest-Rated Group . | . . . . . . . Highest-Rated Ally . | . . . . . . . Total Orders . | . . . . . . . Ally Attacks . | . . . . . . . Total Damage . | . . . . . . . Kills . | . . . . . . . Allies Corrupted . | . . . . . . . Allies Melted . | . . . . . . . Intel | -11 -10 -10 -9 -8 -7 -7 ------- Run | Yrd Mat Min Mat Mat Fac Low Robot Analysis Total . | . . . . . . . Derelict Logs Recovered 2 | . . 1 . . . 1 Drone Launches . | . . . . . . . Drone Recoveries . | . . . . . . . Exploration | -11 -10 -10 -9 -8 -7 -7 ------------- Run | Yrd Mat Min Mat Mat Fac Low Turns Passed 3419 | 70 1170 159 500 476 428 616 Spaces Moved 2879 | 46 651 132 279 663 613 495 Core 29 | 6 . . . . . 23 Treads 8 | . . . . . . 8 Legs 958 | 40 651 132 135 . . . Wheels . | . . . . . . . Hover 488 | . . . . . 289 199 Flight 1396 | . . . 144 663 324 265 Fastest Speed 28 | 50 120 120 34 28 32 35 Average Speed 75 | 126 120 120 97 32 57 68 Slowest Speed 440 | 190 120 120 440 117 105 300 Overloaded Moves . | . . . . . . . Propulsion Burnouts . | . . . . . . . Robots Hopped 8 | . . . 1 7 . . Cave-ins Triggered . | . . . . . . . Exploration Rate (%) 37 | 4 78 45 19 52 16 47 Regions Visited 6 Branch Regions 2 Pre-discovered Areas . | . . . . . . . Known Exits Taken 1 | . . 1 . . . . Unknown Exits Taken 5 | 1 1 . 1 1 1 . Scrap Searched 2 | . . 1 . . . 1 Spaces Dug . | . . . . . . . Terrain Destroyed 82 | . 52 . . . 7 23 Melee . | . . . . . . . Projectile . | . . . . . . . AOE 82 | . 52 . . . 7 23 Terrain Rammed . | . . . . . . . Walls Destroyed . | . . . . . . . Machines Disabled . | . . . . . . . Actions | -11 -10 -10 -9 -8 -7 -7 --------- Run | Yrd Mat Min Mat Mat Fac Low Total 3946 | 55 911 132 484 915 684 765 Wait 819 | . 158 . 168 229 32 232 Move 2857 | 45 650 131 276 648 612 495 Hop 8 | . . . 1 7 . . Pick Up 21 | 4 7 . . 5 4 1 Fast Attach 42 | 6 4 . 10 6 10 6 Attach 17 | . . . 3 1 6 7 Detach 12 | . . . 6 . 5 1 Swap 19 | . 10 1 4 1 2 1 Drop 34 | . 13 . 6 10 2 3 Fire 87 | . 66 . 10 1 4 6 Melee 12 | . . . . . 7 5 Ram 15 | . . . . 7 . 8 Kick 3 | . 3 . . . . . Crush . | . . . . . . . Escape Stasis . | . . . . . . . Rewire . | . . . . . . . Trap . | . . . . . . . Miscellaneous . | . . . . . . . Route ------- -11/Scrapyard -10/Materials (discovered 4 exits: *Mat x3 / [*Min]) -10/Mines (discovered 2 exits: *Mat / Sub) -9/Materials -8/Materials -7/Factory -7/Lower Caves (discovered 1 exit: Low) History --------- Turn | Location | Event 31 | -11/Scrapyard | Discovered new exit (range 15) 71 | -11/Scrapyard | Entered Materials 256 | -10/Materials | Discovered new exit (range 15) 308 | -10/Materials | Build established: Mutant 806 | -10/Materials | Discovered new exit (range 10) 886 | -10/Materials | Discovered new exit (range 12) 946 | -10/Materials | Build established: Scavenger-Mutant 949 | -10/Materials | Discovered new exit (range 3) 1040 | -10/Materials | Repaired Sml. Laser 1241 | -10/Materials | Entered Mines 1292 | -10/Mines | Identified exit to Subcaves 1315 | -10/Mines | Discovered new exit (range 7) 1331 | -10/Mines | Identified exit to Materials 1400 | -10/Mines | Entered Materials 1400 | -9/Materials | Evolved 2 slots: Propulsion x1, Utility x1 1895 | -9/Materials | Discovered new exit (range 16) 1900 | -9/Materials | Entered another Materials area 1900 | -8/Materials | Evolved 2 slots: Power x1, Propulsion x1 2288 | -8/Materials | Discovered new exit (range 13) 2372 | -8/Materials | Core integrity fell below 50% 2376 | -8/Materials | Entered Factory 2376 | -7/Factory | Evolved 2 slots: Utility x2 2388 | -7/Factory | Lost 9 parts (3p3n1u2w) 2798 | -7/Factory | Discovered new exit (range 11) 2804 | -7/Factory | Entered Lower Caves 2821 | -7/Lower Caves | Encountered a Warlord checkpoint 2860 | -7/Lower Caves | Identified exit to Lower Caves 2890 | -7/Lower Caves | Build established: Hacker-Mutant 3190 | -7/Lower Caves | Core integrity fell below 50% 3227 | -7/Lower Caves | Lost 8 parts (3p2n1u2w) 3360 | -7/Lower Caves | Spotted B-75 Beast 3409 | -7/Lower Caves | Lost 5 parts (1p1n1u2w) 3420 | -7/Lower Caves | Self-destructed Last Messages --------------- 03262_ G-50 Soldier destroyed. 03268_ Particle Gun fries itself beyond repair. 03269_ Carbon-fiber Leg fries itself beyond repair. 03271_ Particle Gun fries itself beyond repair. 03276_ Aluminum Leg fries itself beyond repair. 03276_ Adv. Heat Sink fries itself beyond repair. 03278_ Acquired 26 matter. 03279_ Acquired 50 matter. 03280_ Acquired 23 matter. 03356_ System corrupted: Energy discharge (-126). 03372_ Lgt. Nuclear Core destroyed. 03372_ Com. Battery destroyed. 03372_ Gravmag System destroyed. 03375_ Imp. Grenade Launcher destroyed. 03378_ Imp. Datajack destroyed. 03402_ System corrupted: Matter fused (-9). [Achievement: Just Browsing] Map ----- +----------------------------------------------------+ | ????????????# #" ##??????????????????? | | ????????????# "#??????????????????? | | ????????????# ###??????????????????? | | ????????????# % ##????????????????????? | | ????????????# ##?????????????????????? | | ????????????## #??????????????????????? | | ???????? ????####" #???????????????? ?????? | | ????????# ??????## ##?????##????#????# ???? | | ????????# ?????# ##????## #????# #### ???? | | ???????## ????# ###????## ##???# ???? | | ???????? ???# %##??????# #???# ??? | | ?????????? ??# ###??####?# ##??# ??? | | ????????????# ## #???## ### #???# ??? | | ?????????????# BB;#??# ### ##???# #?? | | ?????????????## BB #### ## ##????# ## | | ??????????????## ## ###??????# | | ???????????????## ;# #??????## | | ????????????????## ;; ##???????# | | ????????????####### #####????## | | ????????????# ####### ##????#### | | ????????????# "" ##?????? #???????# | | ????????????# " ######??# ##??????# | | ????????????# """" #; ##?# ##?????# | | ????????????# ## ### #???### | | ????????????###### #?### | | ?????????????????### @ ### | | ???????????????????## #### ### | | ????????????????????##### #??## ### | | ????????????????????????# ### ### | | ???????????????????????# # | | ??????????????????????# # | | ??????????????????????# ### ### | | ??????????????????????# ##?# #?# | | ?????????????????????? #??# #?# #### | | ????????????????????? #?# ##??# | | ???????????????????? ### #???## | | ???????????????????? ## ## #????? | | ???????????????????? ### #?## #????? | | ??????????????????????? ???#????# ## ##????? | | ??????????????????????? ## ??????? ?# ##?????? | | ??????????????????????? ??#?????? ?###??????? | | ????????????????????????????????# ????????### | | ????????????????????????????????? ?????????# | | ????????????????????????????????? ??????????## # | | ??????????????????????????????????????????????# # | | ??????????????????????????????????????????????# # | | ??????????????????????????????????????????????# | | ??????????????????????????????????????????????# | | ??????????????????????????????????????????????## # | | ???????????????????????????????????????????????# # | +----------------------------------------------------+ Best States ------------- Heat Dissipation 34 Energy Generation 23 Energy Capacity 360 Matter Stores 300 Matter Capacity 300 Sight Range 16 Terrain Scan Density 10 ECM Strength 2 Evasion (%) 64 Recoil Reduction 1 Offensive Hacking 20 Defensive Hacking 20 Item Schematics ----------------- Hacking Suite | -8/Materials | Scanalyzed Robot Schematics ------------------ None Fabricated ------------ Nothing Alien Tech Used ----------------- None Achievements -------------- Just Browsing Maybe Next Time I'll Detach My Launcher Challenges ------------ None Game ------ Seed ShadingBombardmentKatana Manual? 0 Play Time 01:03:33 Cumulative 15.9 hours Start 2024.04.08 @ 21:43:09 End 2024.04.08 @ 23:39:39 Sessions 1 Manual Loads 0 Difficulty Rogue Special Mode None Game No. 32 Rogue 32 Adventurer 0 Explorer 0 Win Type - Total 0 Types 0/0/0/0/0/0/0/0/0 Lore% 17 Gallery% 25 Achievement% 20 Wizard Run 0 Options --------- Layout 1 ASCII 0 Keyboard 1 Movement Arrows Keybinds 0 Fullscreen 1 Font 24/Smallcaps Map View 50x35 Zoom Use 0% Tactical HUD 1 Map Filters NONE Filters NONE Steam 1 RUN: a1c85dd7-57ee-4abd-8fc6-985283e5700f